 Seeded DCSS version 0.29-a0-472-ge5599a681e (webtiles) character file.

Game seed: 20220523 (custom seed)

134 a11behringer the Chopper (level 4, -27/55 HPs)
             Began as a Demonspawn Berserker on May 23, 2022.
             Was a Believer of Trog.
             Killed from afar by an orc (30 damage)
             ... with a bolt of acid
             ... on level 4 of the Dungeon.
             The game lasted 00:06:55 (3405 turns).

a11behringer the Chopper (Demonspawn Berserker)     Turns: 3405, Time: 00:06:56

Health: -27/55     AC:  8    Str: 19    XL:     4   Next: 95%
Magic:  4/4        EV: 10    Int:  8    God:    Trog [**....]
Gold:   193        SH:  0    Dex: 13    Spells: 3/3 levels left

rFire   . . .      SeeInvis .   a - +0 hand axe
rCold   . . .      Faith    .   (no shield)
rNeg    . . .      Spirit   .   m - +0 scale mail
rPois   .          Reflect  .   (no helmet)
rElec   .          Harm     .   (no cloak)
rCorr   .          Rampage  .   q - +0 pair of gloves
Will    ++...                   c - +0 pair of boots
Stlth   ..........              (no amulet)
HPRegen 1.18/turn               (no ring)
MPRegen 0.09/turn               (no ring)

@: berserking, strong-willed, regenerating, very quick
A: powered by pain 1
a: Renounce Religion, Berserk, Trog's Hand


You were on level 4 of the Dungeon.
You worshipped Trog.
Trog was pleased with you.
You visited 1 branch of the dungeon, and saw 4 of its levels.

You collected 193 gold pieces.

Inventory:

Hand Weapons
 a - a +0 hand axe (weapon)
 d - a +4 vorpal hand crossbow
Armour
 b - a +0 animal skin
 c - a +0 pair of boots (worn)
 j - a +0 ring mail
 m - a +0 scale mail (worn)
 q - a +0 pair of gloves (worn)
Scrolls
 f - a scroll of torment {unknown}
 i - a scroll of noise {unknown}
 o - a scroll of identify {unknown}
 p - 2 scrolls of teleportation {unknown}
 t - a scroll of enchant armour {unknown}
 u - a scroll of poison {unknown}
Potions
 e - a potion of attraction {unknown}
 g - 2 potions of might {unknown}
 h - a potion of invisibility {unknown}
 k - a potion of resistance {unknown}
 l - a potion of brilliance {unknown}
 n - a potion of haste {unknown}
 r - a potion of curing {unknown}
 s - a potion of ambrosia {unknown}


   Skills:
 + Level 3.7 Fighting
 * Level 4.3 Axes
 * Level 0.9 Crossbows
 + Level 2.0 Armour
 + Level 2.0 Dodging


You had 3 spell levels left.
You didn't know any spells.
Your spell library was empty.

Dungeon Overview and Level Annotations

Branches:
Dungeon (4/15)
 Temple: D:4-7

Altars:


Innate Abilities, Weirdness & Mutations

You sometimes gain a little power by taking damage.


Message History

The quokka is heavily wounded.
The quokka bites you but does no damage.
You slash the quokka!
You kill the quokka!
Trog accepts your kill.
No target in view!
HP restored.
An orc comes into view. It is wielding a +0 dagger.
The orc shouts!
You hear a shout!
An orc and a phantom come into view.
The orc is wielding a +0 mace and carrying a wand of acid (8).
The orc shouts!
The orc hits you but does no damage.
An orc comes into view. It is wielding a +0 hand axe.
The phantom moves out of view.
You slash the orc!
You kill the orc!
Trog accepts your kill.
The orc zaps a wand.
The bolt of acid hits you!!
An orc comes into view. It is wielding a +0 mace.
You see here a +0 dagger.
The phantom hits you but does no damage.
You miss the phantom. The phantom hits you.
Your skin crawls.
You feel strong-willed.
The phantom hits you but does no damage.
The orc hits you but does no damage.
A red film seems to cover your vision as you go berserk!
You feel yourself moving faster!
You feel mighty!
The orc zaps a wand.
The bolt of acid hits you!!
* * * LOW HITPOINT WARNING * * *
The orc closely misses you. The phantom hits you.
* * * LOW HITPOINT WARNING * * *
You hit the phantom.
The phantom is moderately damaged.
You barely miss the orc. You hit the orc.
An orc comes into view. It is wielding a +0 whip.
The orc zaps a wand.
The bolt of acid hits you!!
Ouch! That really hurt!
You die...

##.# .. .
...##... . #...
... .# #
#####..#
#.##o#o# ..##..
...... # #.##.#
#...#
#.##.##.####...#
#..........oo#
####.#######@#
#....# #.W......
#<#### ###...#..
#.# ...# #.# ..#
#.# .... #.#
.... #.. ....
#.#


You could see a phantom and 3 orcs.

Vanquished Creatures
  8 adders
  A dart slug (D:2)
  2 orcs
  5 bats
  4 endoplasms
  A giant cockroach (D:2)
  5 goblins
  5 hobgoblins
  4 jackals (D:1)
  5 quokkas
  6 ball pythons
  4 frilled lizards
  3 kobolds
  5 rats
58 creatures vanquished.

Notes
Turn   | Place    | Note
-------+----------+-------------------------------------------
     0 | D:1      | a11behringer the Demonspawn Berserker began the quest for
                  | the Orb.
     0 | D:1      | Reached XP level 1. HP: 18/18 MP: 1/1
   138 | D:1      | Reached skill level 3 in Axes
   301 | D:1      | Gained mutation: You sometimes gain a little power by
                  | taking damage. [demonic ancestry]
   301 | D:1      | Reached XP level 2. HP: 24/24 MP: 2/2
  1169 | D:2      | Reached XP level 3. HP: 16/29 MP: 3/3
  1419 | D:2      | Reached ** piety under Trog
  1632 | D:2      | Reached XP level 4. HP: 19/36 MP: 4/4
  1819 | D:2      | Reached skill level 4 in Axes
  2568 | D:3      | Found a faded altar of an unknown god.
  3398 | D:4      | Noticed a phantom
  3404 | D:4      | HP: 2/55 [phantom (1)]
  3405 | D:4      | Killed from afar by an orc

Illustrated notes

Levels and vault maps discovered:
D:1:      shiori_arrival_maze, layout_basic
D:2:      minmay_skewed_foursquare, layout_basic
D:3:      layout_loops_ring, ebering_ecumenical_altar_rust,
          small_statue_intersection
D:4:      layout_loops_cross, minmay_temple_entry_ruins,
          minmay_hollow_rounded_squares

Skill      XL: |  1  2  3  4 |
---------------+-------------+-----
Axes           | 3 4 |  4.3
Dodging        | 2 |  2.0
Armour         | 2 |  2.0
Fighting       | |  3.7
Crossbows      | |  0.9

Action                   |  1- 3 |  4- 6 || total
-------------------------+-------+-------++-------
Melee: Hand axe          |   115 |    80 ||   195
       Punch             |       |     1 ||     1
 Fire: Hand crossbow     |     6 |       ||     6
Invok: Berserk           |     1 |     1 ||     2
       Trog's Hand       |       |     1 ||     1
 Stab: Sleeping          |     1 |       ||     1
Armor: Animal skin       |     8 |       ||     8
       Scale mail        |    41 |    35 ||    76
       Ring mail         |     5 |       ||     5
Dodge: Dodged            |    66 |    52 ||   118

Table legend: (Time is in decaauts)
 A = Elapsed time spent in this place.
 B = Non-inter-level travel time spent in this place.
 C = Inter-level travel time spent in this place.
 D = Time resting spent in this place.
 E = Time spent auto-exploring this place.
 F = Levels seen in this place.
 G = Mean time per level.
                   A        B        C        D        E       F      G
               +--------+--------+--------+--------+--------+-----+--------+
         Total |   3436 |   3189 |    247 |      0 |   2743 |   4 |  859.0 |
       Dungeon |   3436 |   3189 |    247 |      0 |   2743 |   4 |  859.0 |
               +--------+--------+--------+--------+--------+-----+--------+

Top non-repeatable levels by time:
     D:2: 1454 daAuts
     D:1: 1134 daAuts
     D:3: 760 daAuts
     D:4: 86 daAuts
